 Dungeon Crawl Stone Soup version 0.23.1 (webtiles) character file.

Game seed: 17081021040997151059

3803 Chiseanne the Protected (level 10, 0/80 HPs)
             Began as a Gnoll Wanderer on Mar 7, 2019.
             Was an Initiate of Gozag.
             Slain by an orc warrior
             ... wielding a +0 battleaxe
              (22 damage)
             ... on level 9 of the Dungeon.
             The game lasted 00:22:11 (8281 turns).

Chiseanne the Protected (Gnoll Wanderer)            Turns: 8281, Time: 00:22:11

Health: 0/80       AC: 17    Str: 15    XL:     10   Next: 17%
Magic:  26/26      EV: 15    Int: 16    God:    Gozag
Gold:   78         SH:  0    Dex: 16    Spells: 18/18 levels left

rFire    . . .     SeeInvis .   s - +0 battleaxe (flame)
rCold    . . .     Gourm    .   (shield currently unavailable)
rNeg     . . .     Faith    .   F - +2 leather armour {rPois}
rPois    +         Spirit   .   n - +0 helmet
rElec    .         Reflect  .   (no cloak)
rCorr    .         Harm     .   H - +2 pair of gloves
MR       .....                  A - +0 pair of boots
Stlth    +++.......             (no amulet)
HPRegen  0.23/turn              f - +5 ring of protection
MPRegen  0.20/turn              k - ring of magical power

@: no status effects
A: distributed training, fangs 1, strong nose
a: Potion Petition, Call Merchant, Bribe Branch, Renounce Religion


You were on level 9 of the Dungeon.
You worshipped Gozag.
Gozag was noncommittal.
You were very full.

You visited 2 branches of the dungeon, and saw 10 of its levels.

You collected 306 gold pieces.
You spent 147 gold pieces at shops.
You paid 81 gold pieces to Gozag.

Inventory:

Hand Weapons
 a - a +4 war axe of freezing
 s - a +0 battleaxe of flaming (weapon)
Missiles
 b - 226 stones (quivered)
 c - 4 silver tomahawks
 g - 17 poisoned needles
 m - 115 arrows
 o - 18 bolts
 p - 2 exploding tomahawks
 u - a throwing net
 w - 4 tomahawks
 x - 47 sling bullets
Armour
 n - a +0 helmet (worn)
 A - a +0 pair of boots (worn)
 F - a +2 leather armour of poison resistance (worn)
 H - a +2 pair of gloves (worn)
Jewellery
 f - a +5 ring of protection (left hand)
 k - a ring of magical power (right hand)
Wands
 y - a wand of flame (38)
 E - a wand of iceblast (19)
Scrolls
 e - a scroll of enchant weapon
 h - 6 scrolls of remove curse
 j - 2 scrolls of amnesia
 l - a scroll of fear
 t - 6 scrolls of teleportation
 B - 3 scrolls of magic mapping
 C - a scroll of identify
 D - a scroll of blinking
Potions
 i - a potion of brilliance
 q - 2 potions of magic
 r - 3 potions of haste
 v - 2 potions of resistance
 z - 4 potions of curing
 G - 2 potions of agility
 J - 2 potions of heal wounds
Comestibles
 d - 10 rations


   Skills:
 + Level 8.3 Fighting
 + Level 4.9 Short Blades
 + Level 4.9 Long Blades
 + Level 6.8 Axes
 + Level 4.9 Maces & Flails
 + Level 4.9 Polearms
 + Level 4.9 Staves
 + Level 4.9 Slings
 + Level 4.9 Bows
 + Level 4.9 Crossbows
 + Level 4.9 Throwing
 + Level 8.3 Armour
 + Level 4.9 Dodging
 + Level 5.5 Stealth
 + Level 5.6 Shields
 + Level 4.9 Unarmed Combat
 + Level 4.9 Spellcasting
 + Level 4.1 Conjurations
 + Level 4.1 Hexes
 + Level 4.1 Charms
 + Level 4.1 Summonings
 + Level 4.1 Necromancy
 + Level 4.1 Translocations
 + Level 4.1 Transmutations
 + Level 4.1 Fire Magic
 + Level 4.1 Ice Magic
 + Level 4.1 Air Magic
 + Level 4.1 Earth Magic
 + Level 4.1 Poison Magic
 + Level 5.4 Invocations
 + Level 4.9 Evocations


You had 18 spell levels left.
You didn't know any spells.
Your spell library was empty.

Dungeon Overview and Level Annotations

Branches:
Dungeon (9/15)             Temple (1/1) D:5
   Lair: D:8-11         Orc: D:9-12

Altars:
Ashenzari
Cheibriados
Dithmenos
Elyvilon
Fedhas
Gozag
Hepliaklqana
Kikubaaqudgha
Makhleb
Nemelex Xobeh
Okawaru
Qazlal
Ru
Sif Muna
Trog
Uskayaw
Vehumet
Wu Jian
Xom
Yredelemnul
Zin
The Shining One

Shops:
D:6 =   D:9 !

Annotations:
D:2 exclusion: oklob plant
D:7 3 runed translucent doors, Teps's ghost, novice GrBe


Innate Abilities, Weirdness & Mutations

Your experience applies equally to all skills.
You have very sharp teeth.
Your uncanny sense of smell can sniff out nearby items.


Message History

The orc warrior barely misses you.
The orc warrior hits you with a +0 battleaxe.
You barely miss the orc warrior.
The orc is no longer distracted by gold.
The orc warrior closely misses you.
You closely miss the orc warrior.
You bite the orc warrior, but do no damage.
The orc warrior hits you with a +0 battleaxe!!
You hit the orc warrior. You burn the orc warrior.
Your bite misses the orc warrior.
The orc warrior is moderately wounded.
The orc warrior closely misses you.
You hit the orc warrior. You burn the orc warrior.
The orc warrior is heavily wounded.
The orc priest invokes the aid of Beogh against you.
Beogh smites you!
* * * LOW HITPOINT WARNING * * *
The orc warrior hits you with a +0 battleaxe!!
You die...
Your body crumbles into a pile of gold.

#.##.###.# .#
#........# .#
####.##### .#
#.# #####.#
#.....#####..
#.###........
#.#####.# #@#
#o#


oo# ##o# #.# #.# #.# #.# You could see an orc warrior, 2 orc priests and an orc.

Vanquished Creatures
  Maurice (D:8)
  A hungry ghost (D:9)
  Menkaure (D:4)
  2 sky beasts
  A black bear (D:9)
  An orc warrior (D:7)
  An ice beast (D:7)
  A phantom (D:7)
  4 centaurs
  3 ogres
  3 bullfrogs (D:6)
  3 scorpions
  9 killer bees
  A howler monkey (D:4)
  A bullfrog zombie (D:6)
  4 hounds
  8 orc wizards
  2 centaur skeletons
  7 orc priests
  2 bullfrog skeletons
  Ijyb (D:5)
  8 worker ants
  A killer bee zombie (D:8)
  A hound zombie (D:8)
  A hound skeleton (D:7)
  A howler monkey zombie (D:5)
  4 gnolls (D:6)
  11 adders
  An ooze (D:1)
  An adder zombie (D:5)
  An adder skeleton (D:5)
  2 worms
  2 dart slugs
  6 leopard geckos
  31 orcs
  A giant cockroach (D:4)
  8 goblins
  10 hobgoblins
  21 jackals
  4 quokkas
  2 ball pythons
  5 bats
  3 frilled lizards (D:1)
  8 kobolds
  8 rats
198 creatures vanquished.

Vanquished Creatures (collateral kills)
  An orc priest (D:6)
  2 orc wizards (D:6)
  A hound zombie (D:6)
  4 orcs (D:6)
8 creatures vanquished.

Vanquished Creatures (others)
  An orc (D:4)
  A quokka (D:4)
2 creatures vanquished.

Grand Total: 208 creatures vanquished

Notes
Turn   | Place    | Note
-------+----------+-------------------------------------------
     0 | D:1      | Chiseanne the Gnoll Wanderer began the quest for the Orb.
     0 | D:1      | Chiseanne set off with the following items: a +2 hand axe,
                  | a +0 ring mail, a +0 buckler, a ration
     0 | D:1      | Reached XP level 1. HP: 23/23 MP: 1/1
    57 | D:1      | Reached XP level 2. HP: 29/29 MP: 2/2
   155 | D:1      | Reached XP level 3. HP: 35/35 MP: 3/3
   653 | D:2      | Found a blossoming altar of Fedhas.
   674 | D:2      | Noticed an oklob plant
   768 | D:2      | Reached skill level 1 in Invocations
   960 | D:2      | Reached skill level 1 in Short Blades
   960 | D:2      | Reached skill level 1 in Long Blades
   960 | D:2      | Reached skill level 1 in Maces & Flails
   960 | D:2      | Reached skill level 1 in Polearms
   960 | D:2      | Reached skill level 1 in Staves
   960 | D:2      | Reached skill level 1 in Slings
   960 | D:2      | Reached skill level 1 in Bows
   960 | D:2      | Reached skill level 1 in Crossbows
   960 | D:2      | Reached skill level 1 in Throwing
   960 | D:2      | Reached skill level 1 in Dodging
   960 | D:2      | Reached skill level 1 in Unarmed Combat
   960 | D:2      | Reached skill level 1 in Spellcasting
   960 | D:2      | Reached skill level 1 in Evocations
   960 | D:2      | Reached XP level 4. HP: 29/41 MP: 5/5
  1208 | D:2      | Reached skill level 1 in Conjurations
  1208 | D:2      | Reached skill level 1 in Hexes
  1208 | D:2      | Reached skill level 1 in Charms
  1208 | D:2      | Reached skill level 1 in Summonings
  1208 | D:2      | Reached skill level 1 in Necromancy
  1208 | D:2      | Reached skill level 1 in Translocations
  1208 | D:2      | Reached skill level 1 in Transmutations
  1208 | D:2      | Reached skill level 1 in Fire Magic
  1208 | D:2      | Reached skill level 1 in Ice Magic
  1208 | D:2      | Reached skill level 1 in Air Magic
  1208 | D:2      | Reached skill level 1 in Earth Magic
  1208 | D:2      | Reached skill level 1 in Poison Magic
  1647 | D:3      | Reached XP level 5. HP: 46/47 MP: 6/6
  2232 | D:3      | Found a faded altar of an unknown god.
  2508 | D:4      | Found a white marble altar of Elyvilon.
  2563 | D:4      | Noticed Menkaure
  2575 | D:4      | Killed Menkaure
  2575 | D:4      | Reached skill level 5 in Axes
  2575 | D:4      | Reached XP level 6. HP: 30/53 MP: 7/9
  2916 | D:4      | Reached XP level 7. HP: 58/59 MP: 10/10
  2919 | D:4      | Found a snail-covered altar of Cheibriados.
  3422 | D:5      | Entered Level 5 of the Dungeon
  3422 | D:5      | Found a staircase to the Ecumenical Temple.
  3453 | Temple   | Entered the Ecumenical Temple
  3721 | D:5      | Found a blossoming altar of Fedhas.
  3763 | D:5      | Noticed Ijyb
  3782 | D:5      | Killed Ijyb
  4137 | D:5      | Found an iron altar of Okawaru.
  4164 | D:5      | Found a sacrificial altar of Ru.
  4263 | D:5      | Reached XP level 8. HP: 66/67 MP: 12/12
  4359 | D:5      | Found a shadowy altar of Dithmenos.
  4402 | D:6      | Noticed a +0 dagger
  4403 | D:6      | Noticed a +0 hand axe
  4404 | D:6      | Found a hide-covered altar of Uskayaw.
  5154 | D:6      | Found a shimmering altar of Xom.
  5211 | D:6      | Found Liuvutoh's Jewellery Shoppe.
  5214 | D:6      | Bought a cursed amulet of inaccuracy for 26 gold pieces
  5515 | D:7      | Reached XP level 9. HP: 50/72 MP: 14/14
  6203 | D:7      | Found a runed translucent gate.
  6203 | D:7      | Found a runed translucent gate.
  6203 | D:7      | Found a runed translucent gate.
  6205 | D:7      | Noticed Teps's ghost (novice GrBe)
  6381 | D:7      | Reached skill level 5 in Shields
  6543 | D:7      | Reached skill level 5 in Stealth
  7389 | D:8      | Noticed Maurice
  7399 | D:8      | Killed Maurice
  7399 | D:8      | Reached skill level 5 in Invocations
  7481 | D:8      | Reached XP level 10. HP: 56/80 MP: 17/17
  7980 | D:9      | Found an opulent altar of Gozag.
  7986 | D:9      | Became a worshipper of Gozag Ym Sagoz the Greedy
  8046 | D:9      | Found Doisurphaf's Distillery.
  8052 | D:9      | Bought a potion of degeneration for 11 gold pieces
  8052 | D:9      | Bought a potion of heal wounds for 55 gold pieces
  8052 | D:9      | Bought a potion of heal wounds for 55 gold pieces
  8215 | D:9      | Found a shattered altar of Ashenzari.
  8281 | D:9      | Slain by an orc warrior

Skill      XL: |  1  2  3  4  5  6  7  8  9 10 |
---------------+-------------------------------+-----
Invocations    | 1 2 3 4 5 |  5.4
Short Blades   | 1 2 3 4 |  4.9
Long Blades    | 1 2 3 4 |  4.9
Maces & Flails | 1 2 3 4 |  4.9
Polearms       | 1 2 3 4 |  4.9
Staves         | 1 2 3 4 |  4.9
Slings         | 1 2 3 4 |  4.9
Bows           | 1 2 3 4 |  4.9
Crossbows      | 1 2 3 4 |  4.9
Throwing       | 1 2 3 4 |  4.9
Dodging        | 1 2 3 4 |  4.9
Unarmed Combat | 1 2 3 4 |  4.9
Spellcasting   | 1 2 3 4 |  4.9
Evocations     | 1 2 3 4 |  4.9
Conjurations   | 1 2 3 4 |  4.1
Hexes          | 1 2 3 4 |  4.1
Charms         | 1 2 3 4 |  4.1
Summonings     | 1 2 3 4 |  4.1
Necromancy     | 1 2 3 4 |  4.1
Translocations | 1 2 3 4 |  4.1
Transmutations | 1 2 3 4 |  4.1
Fire Magic     | 1 2 3 4 |  4.1
Ice Magic      | 1 2 3 4 |  4.1
Air Magic      | 1 2 3 4 |  4.1
Earth Magic    | 1 2 3 4 |  4.1
Poison Magic   | 1 2 3 4 |  4.1
Shields        | 3 4 5 |  5.6
Axes           | 5 6 |  6.8
Stealth        | 3 4 5 |  5.5
Fighting       | 7 8 |  8.3
Armour         | 7 8 |  8.3

Action                   |  1- 3 |  4- 6 |  7- 9 | 10-12 || total
-------------------------+-------+-------+-------+-------++-------
Melee: Hand axe          |    89 |   187 |   216 |       ||   492
       Bite              |     5 |    18 |    47 |     6 ||    76
       War axe           |       |       |   146 |       ||   146
       Battleaxe         |       |       |    59 |    51 ||   110
Evoke: Wand              |       |       |       |     6 ||     6
  Use: Scroll            |     2 |     4 |    19 |     2 ||    27
       Potion            |       |     1 |     2 |       ||     3
 Stab: Sleeping          |       |       |     1 |     1 ||     2
  Eat: Chunk             |       |     7 |    14 |     2 ||    23
       Ration            |       |       |       |     3 ||     3
Armor: Ring mail         |     7 |       |       |       ||     7
       Chain mail        |    50 |    86 |   263 |       ||   399
       Leather armour    |       |       |    27 |    20 ||    47
Dodge: Dodged            |    29 |    49 |   179 |    60 ||   317
Block: Buckler           |    19 |    43 |   145 |       ||   207
